 Dungeon Crawl Stone Soup version 0.21-a0-538-gd16b88a (webtiles) character file.

49 slep the Chopper (level 3, -6/27 HPs)
             Began as a Demonspawn Gladiator on Dec 17, 2017.
             Mangled by a gnoll
             ... wielding a +0 spear
              (7 damage)
             ... on level 2 of the Dungeon.
             The game lasted 00:03:39 (1303 turns).

slep the Chopper (Demonspawn Gladiator)             Turns: 1303, Time: 00:03:39

Health: -6/27      AC:  3    Str: 14    XL:     3   Next: 51%
Magic:  3/3        EV: 13    Int:  9    God:
Gold:   30         SH:  0    Dex: 15    Spells: 2/2 levels left

rFire    . . .     SeeInvis .   a - +0 war axe
rCold    . . .     Gourm    .   (no shield)
rNeg     . . .     Faith    .   b - +0 leather armour
rPois    .         Spirit   .   (helmet restricted)
rElec    .         Reflect  .   (no cloak)
rCorr    .         Harm     .   (no gloves)
MR       .....                  (no boots)
Stlth    +.........             (no amulet)
HPRegen  0.09/turn              (no ring)
MPRegen  0.08/turn              (no ring)

@: no status effects
A: antennae 1, powered by pain 1
a: no special abilities


You were on level 2 of the Dungeon.
You were not hungry.

You visited 1 branch of the dungeon, and saw 2 of its levels.

You collected 30 gold pieces.

Inventory:

Hand Weapons
 a - a +0 war axe (weapon)
Missiles
 d - 3 throwing nets (quivered)
Armour
 b - a +0 leather armour (worn)
 c - a +0 helmet
Scrolls
 h - a scroll of teleportation {unknown}
 k - a scroll of remove curse {unknown}
 m - 2 scrolls of amnesia {unknown}
 n - 2 scrolls of identify {unknown}
 r - a scroll of magic mapping {unknown}
Potions
 e - a potion of brilliance {unknown}
 i - a potion of curing {unknown}
 j - a potion of berserk rage {unknown}
 o - a potion of flight {unknown}
 p - a potion of agility {unknown}
 q - a potion of haste {unknown}
Comestibles
 f - a bread ration
 g - 2 meat rations
 l - a fruit


   Skills:
 + Level 2.3 Fighting
 + Level 3.2 Axes
 + Level 1.7 Throwing
 + Level 0.5 Armour
 + Level 3.2 Dodging
 + Level 0.9 Stealth


You had 2 spell levels left.
You didn't know any spells.

Dungeon Overview and Level Annotations

Branches:
Dungeon (2/15)

Altars:


Innate Abilities, Weirdness & Mutations

You have a pair of small antennae on your head.
You sometimes gain a little power by taking damage.


Message History

You sense a monster nearby.
A gnoll comes into view. It is wielding a spear.
A gnoll comes into view. It is wielding a whip.
The gnoll shouts! x2
The gnoll hits you with a spear.
You hit the gnoll but do no damage. The gnoll hits you with a spear!
You hit the gnoll.
The gnoll is heavily wounded.
The gnoll barely misses you.
You closely miss the gnoll.
The gnoll is heavily wounded.
The gnoll closely misses you.
The gnoll hits you from afar with a spear!
* * * LOW HITPOINT WARNING * * *
You hit the gnoll but do no damage.
The gnoll is heavily wounded.
The gnoll hits you with a whip.
* * * LOW HITPOINT WARNING * * *
The gnoll hits you from afar with a spear!
You die...

.# #.###.........#
.# #.###.........#
.###...+.........#
.....###.....(...#
.###.# ###........
.###.# #.#.#####
...#.#####...###.#
.................#
...#.###########@#
...#.# #..gg....#
...#.# #.########
..... ......
......


You could see 2 gnolls.

Vanquished Creatures
  An adder (D:2)
  An ooze (D:2)
  A ball python (D:1)
  8 bats
  2 goblins
  8 hobgoblins
  4 jackals (D:1)
  A frilled lizard (D:1)
  5 rats
31 creatures vanquished.

Notes
Turn   | Place    | Note
-------+----------+-------------------------------------------
     0 | D:1      | slep the Demonspawn Gladiator began the quest for the Orb.
     0 | D:1      | Reached XP level 1. HP: 16/16 MP: 1/1
   258 | D:1      | Gained mutation: You sometimes gain a little power by taking damage. [demonic ancestry]
   258 | D:1      | Reached XP level 2. HP: 5/22 MP: 2/2
   964 | D:2      | Gained mutation: You have a pair of small antennae on your head. [demonic ancestry]
   964 | D:2      | Reached XP level 3. HP: 27/27 MP: 3/3
  1096 | D:2      | Found a faded altar of an unknown god.
  1303 | D:2      | HP: 1/27 [gnoll/whip (5)]
  1303 | D:2      | Mangled by a gnoll

Vault maps used:
D:1:      minmay_arrival_split_and_join
D:2:      chequers_ecumenical_altar_simple

Skill      XL: |  1  2 |
---------------+-------+-----
Dodging        | 3 |  3.2
Axes           | 3 |  3.2
Fighting       | |  2.3
Throwing       | |  1.7
Armour         | |  0.5
Stealth        | |  0.9

Action                   || total
-------------------------++-------
Melee: War axe           ||    68
 Stab: Sleeping          ||     1
  Eat: Chunk             ||     1
Armor: Leather armour    ||    20
Dodge: Dodged            ||    48

Table legend:
 A = Spawn XP
 B = Non-spawn XP
 C = Spawn XP percentage of total XP
 D = Spawn monster count
 E = Non-spawn monster count
 F = Spawn count percentage of total count
 G = Total turns spent on level
                    A         B        C        D         E        F      G
               +---------+---------+-------+---------+---------+-------+---------
         Total |       0 |      70 |   0.0 |       0 |      31 |   0.0 |  1303
               +---------+---------+-------+---------+---------+-------+---------
           D:1 |       0 |      40 |   0.0 |       0 |      22 |   0.0 |   889
           D:2 |       0 |      30 |   0.0 |       0 |       9 |   0.0 |   414
               +---------+---------+-------+---------+---------+-------+---------
